Map: Cerulean Fall LE

Players

ShoWTimE

  • Race: Protoss Protoss
  • Spawn Location: 7:00

Zest - Winner!

  • Race: Protoss Protoss
  • League: Master
  • Spawn Location: 1:00

Event: HomeStory Cup XVIII

VOD

Have the link to the VOD?

Description

Time

  • Played on: Nov. 24, 2018, 2:03 p.m.
  • Length: 8:17

All games in this series

Show
View Real Time Build Order
Export as new Build Order

ShoWTimE Protoss 

Build Orders: Phoenix Opening 

Get SALT Encoding   

  12  0:00  Probe  
  13  0:12  Probe  
  14  0:17  Pylon  
  14  0:24  Probe  
  15  0:32  Probe  
  15  0:38  Gateway  
  15  0:40  Probe  
  16  0:48  Assimilator  
  17  0:50  Probe  
  17  0:54  Assimilator  
  18  0:58  Probe  
  19  1:06  Probe  
  20  1:13  Gateway  
  20  1:17  Probe  
  20  1:24  Cybernetics Core  
  21  1:29  Probe  
  22  1:35  Pylon  
  22  1:41  Probe  
  23  1:53  Probe  
  18  2:01  Stalker, Sentry  
  26  2:02  Warp Gate  
  28  2:12  Pylon  
  28  2:29  Stalker  
  30  2:31  Stalker  
  30  2:35  Phoenix  
  31  2:51  Probe  
  31  2:52  Nexus  
  32  2:59  Probe  
  33  3:09  Probe  
  34  3:21  Probe  
  35  3:31  Stargate  
  35  3:33  Probe  
  35  3:34  Stargate  
  36  3:35  Shield Battery  
  36  3:45  Probe  
  36  3:48  Shield Battery  
  37  3:57  Probe  
  37  4:00  Probe  
  38  4:06  Phoenix  
  38  4:09  Phoenix, Probe x2  
  43  4:18  Probe  
  43  4:21  Probe  
  43  4:22  Pylon  
  47  4:30  Phoenix, Probe  
  48  4:33  Probe  
  48  4:37  Shield Battery  
  51  4:42  Phoenix  
  51  4:45  Probe  
  49  4:52  Probe  
  48  4:55  Phoenix  
  48  4:56  Probe  
  51  5:04  Probe  
  51  5:05  Probe  
  52  5:09  Phoenix  
  52  5:12  Probe  
  55  5:17  Probe  
  55  5:21  Pylon  
  57  5:24  Probe  
  58  5:29  Probe  
  58  5:35  Robotics Facility  
  59  5:36  Probe  
  59  5:39  Pylon  
  59  5:41  Probe  
  61  5:43  Assimilator  
  61  5:44  Probe  
  61  5:46  Assimilator  
  62  5:52  Probe  
  62  5:54  Forge, Probe  
  64  6:02  Probe  
  64  6:06  Probe  
  64  6:08  Gateway x2  
  66  6:12  Twilight Council  
  66  6:16  Protoss Ground Weapons Level 1  
  66  6:25  Observer  
  67  6:30  Gateway  
  67  6:31  Gateway  
  67  6:34  Pylon  
  67  6:36  Gateway  
  67  6:43  Gateway  
  67  6:48  Shield Battery  
  67  6:56  Shield Battery  
  67  7:02  Photon Cannon  
  67  7:04  Photon Cannon  
  67  7:05  Zealot  
  69  7:08  Zealot  
  69  7:14  Templar Archives  
  69  7:15  Shield Battery  
  71  7:21  Zealot  
  71  7:22  Pylon  
  73  7:25  Zealot  
  75  7:35  Zealot x3  
  71  7:44  Zealot x2  
  71  7:49  Zealot x2  
  69  7:53  Zealot  
  69  7:57  Zealot  
  69  7:59  Zealot  
  69  8:02  Zealot  
  61  8:09  Zealot x2  
  49  8:15  Zealot  
Show
View Real Time Build Order
Export as new Build Order

Zest Protoss - Winner!

Build Orders: Oracle Opening, Phoenix Opening, Zealot Archon 

Get SALT Encoding   

  12  0:00  Probe  
  13  0:12  Probe  
  14  0:17  Pylon  
  14  0:24  Probe  
  15  0:32  Probe  
  15  0:37  Gateway  
  15  0:40  Probe  
  16  0:47  Assimilator  
  17  0:51  Probe  
  17  0:55  Assimilator  
  18  1:00  Probe  
  19  1:08  Probe, Gateway  
  19  1:17  Probe  
  20  1:25  Cybernetics Core  
  21  1:29  Probe  
  22  1:36  Pylon  
  22  1:41  Probe  
  23  1:54  Probe  
  23  2:01  Stalker, Sentry, Warp Gate  
  28  2:11  Pylon  
  30  2:34  Phoenix  
  30  2:36  Stargate  
  28  2:46  Nexus  
  28  2:54  Stalker  
  30  3:02  Stalker  
  32  3:06  Probe  
  32  3:10  Oracle  
  33  3:18  Probe  
  37  3:29  Pylon  
  37  3:30  Probe  
  38  3:37  Oracle  
  38  3:43  Probe  
  42  3:55  Probe x2  
  44  4:03  Probe, Adept x2  
  44  4:07  Probe  
  50  4:13  Probe  
  51  4:19  Probe  
  51  4:21  Oracle, Probe  
  51  4:22  Robotics Facility  
  52  4:30  Probe  
  54  4:31  Probe  
  54  4:32  Pylon  
  55  4:39  Probe  
  55  4:43  Probe  
  55  4:51  Probe  
  48  4:54  Twilight Council  
  48  4:55  Probe  
  48  4:57  Assimilator  
  48  4:59  Assimilator  
  49  5:00  Probe  
  49  5:06  Stalker x2  
  54  5:07  Probe  
  54  5:08  Probe  
  54  5:10  Observer  
  56  5:15  Probe  
  56  5:18  Probe  
  57  5:23  Probe  
  57  5:30  Probe, Charge  
  58  5:37  Gateway  
  58  5:38  Gateway  
  58  5:39  Probe  
  58  5:42  Probe  
  57  5:44  Templar Archives  
  57  5:47  Gateway  
  57  5:49  Gateway  
  57  5:52  Gateway  
  57  5:55  Probe x2  
  58  6:03  Gateway  
  57  6:11  Warp Prism  
  57  6:12  Gateway  
  57  6:24  High Templar  
  57  6:25  High Templar  
  60  6:27  Pylon  
  60  6:29  Archon  
  60  6:32  Pylon  
  60  6:36  High Templar  
  60  6:38  High Templar  
  64  6:41  Warp Prism  
  64  6:44  Archon  
  64  6:47  Zealot x3  
  72  7:02  Pylon  
  72  7:07  Probe x2  
  71  7:12  Zealot x5, High Templar x2  
  85  7:16  Archon  
  85  7:21  Pylon  
  71  7:45  High Templar x2  
  71  7:46  Zealot x7  
  73  8:08  High Templar x2  
  73  8:09  Zealot x5  
  86  8:15  Archon  
Tags
 
Add a new tag
Caveats
  • Supply blocks, unpowered buildings, or Contaminate may cause inaccurate times.
  • Supply counts are checked every 10 seconds.